 Dungeon Crawl Stone Soup version 0.25-a0-419-g7650d0d (webtiles) character file.

Game seed: 9314969726148690735, levelgen mode: deterministic

567 BlueFish the Insei (level 7, -10/45 HPs)
             Began as an Octopode Transmuter on Jan 17, 2020.
             Mangled by an ogre
             ... wielding a +0 giant spiked club
              (30 damage)
             ... on level 4 of the Dungeon.
             The game lasted 00:13:12 (4354 turns).

BlueFish the Insei (Octopode Transmuter)            Turns: 4354, Time: 00:13:12

Health: -10/45     AC:  1    Str: 11    XL:     7   Next: 33%
Magic:  7/11       EV: 14    Int: 19    God:
Gold:   272        SH:  0    Dex: 13    Spells: 2/12 levels left

rFire    . . .     SeeInvis .     - Unarmed
rCold    . . .     Gourm    .   (no shield)
rNeg     . . .     Faith    .   (helmet restricted)
rPois    .         Spirit   .   (no amulet)
rElec    .         Reflect  .   i - +4 ring of intelligence
rCorr    .         Harm     .   (no ring)
MR       .....                  (no ring)
Stlth    +++.......             (no ring)
HPRegen  0.15/turn              (no ring)
MPRegen  0.12/turn              (no ring)
                                (no ring)
                                (no ring)

@: no status effects
A: almost no armour, stealthy swim, amphibious, 8 rings, constrict 8, camouflage
1, gelatinous body 1
a: no special abilities


You were on level 4 of the Dungeon.
You were hungry.

You visited 1 branch of the dungeon, and saw 4 of its levels.

You collected 272 gold pieces.

Inventory:

Hand Weapons
 q - a +0 hunting sling of flaming
 s - a +0 vorpal hand axe
Missiles
 a - 27 arrows
Jewellery
 i - a +4 ring of intelligence (left tentacle)
 r - a cursed -2 ring of strength {unknown}
Wands
 p - a wand of random effects (19)
Scrolls
 b - a scroll of teleportation
 d - a scroll of remove curse
 e - 2 scrolls of noise
 n - a scroll of identify
Potions
 f - 2 potions of might
 g - a potion of heal wounds {unknown}
 h - a potion of berserk rage
 j - a potion of brilliance {unknown}
 k - a potion of ambrosia {unknown}
 l - a potion of lignification {unknown}
 m - a potion of invisibility {unknown}
 o - 2 potions of cancellation {unknown}
Comestibles
 c - 8 rations
 t - 8 chunks of flesh


   Skills:
 * Level 2.8 Fighting
 + Level 3.1 Dodging
 + Level 3.0 Stealth
 + Level 4.7 Unarmed Combat
 + Level 3.3 Spellcasting
 + Level 3.1 Transmutations
 * Level 3.2 Poison Magic


You had 2 spell levels left.
You knew the following spells:

 Your Spells              Type           Power        Failure   Level  Hunger
a - Beastly Appendage     Tmut           ###...       4%          1    None
b - Sticks to Snakes      Tmut           ###.....     6%          2    ##.....
c - Spider Form           Tmut/Pois      ###.......   12%         3    ###....
d - Ice Form              Ice/Tmut       #.......     61%         4    ####...

Your spell library contained the following spells:

 Spells                   Type           Power        Failure   Level  Hunger
 Blade Hands              Tmut           ###.......   75%         5    ######.


Dungeon Overview and Level Annotations

Branches:
Dungeon (4/15)
 Temple: D:4-7

Altars:
Fedhas


Innate Abilities, Weirdness & Mutations

You cannot wear most types of armour.
You are very stealthy in the water. (Stealth+)
You are amphibious.
You can wear up to eight rings at the same time.
You can use your tentacles to constrict eight enemies at once.
Your skin changes colour to match your surroundings (Stealth+).
Your rubbery body absorbs attacks. (AC +1, EV +1)


Message History

The orc closely misses you.
You bite the orc!
You kill the orc!
You see here an orc corpse.
You butcher the orc corpse.
Things that are here:
a chunk of flesh; an orc skeleton You hit the ogre.
The ogre is lightly wounded.
The ogre hits you with a +0 giant spiked club!!
Ouch! That really hurt!
Things that are here:
a chunk of flesh; an orc skeleton Your transformation has ended.
Casting: Spider Form (safe; 12% risk of failure)
Confirm with . or Enter, or press ? or * to list all spells.
You create a snake!
You now have 27 arrows.
The ogre hits you with a +0 giant spiked club!!
Ouch! That really hurt!
You die...

#...#####.##...'....
###.# #....#.###....
###.###.#..#.#######
#...)>..............
#...##.....#.######.
#...#..<...#.######.
#...#.....##.#...###
#...#.....'..#.###..
#..@#.....###..#....
#..O####### #.##.#.#
###.S%######
#.##.#.+
#.......$..#
#....###
#..........# ######
# #..........# #
#.............
########......
......


You could see an ogre and a friendly ball python.

Vanquished Creatures
  An ogre (D:4)
  A scorpion (D:4)
  3 hounds (D:4)
  2 orc priests (D:4)
  An iguana (D:4)
  An orc wizard (D:4)
  A worker ant (D:2)
  4 gnolls (D:2)
  8 adders
  2 oozes
  An adder skeleton (D:4)
  A worm (D:2)
  2 dart slugs
  3 leopard geckos
  12 orcs
  4 bats
  3 giant cockroaches
  5 goblins
  11 hobgoblins
  5 jackals
  3 frilled lizards
  5 kobolds
  9 rats
88 creatures vanquished.

Notes
Turn   | Place    | Note
-------+----------+-------------------------------------------
     0 | D:1      | BlueFish the Octopode Transmuter began the quest for the
                  | Orb.
     0 | D:1      | Reached XP level 1. HP: 13/13 MP: 3/3
    99 | D:1      | Reached XP level 2. HP: 13/18 MP: 3/5
   103 | D:1      | Learned a level 2 spell: Sticks to Snakes
   415 | D:1      | Reached XP level 3. HP: 21/23 MP: 6/6
   466 | D:1      | Learned a level 3 spell: Spider Form
  1078 | D:2      | Reached XP level 4. HP: 26/28 MP: 5/7
  1103 | D:2      | Reached skill level 1 in Stealth
  1103 | D:2      | Reached skill level 1 in Poison Magic
  1379 | D:2      | Reached skill level 4 in Unarmed Combat
  1481 | D:2      | Reached XP level 5. HP: 33/33 MP: 6/8
  2234 | D:3      | Found a blossoming altar of Fedhas.
  2778 | D:4      | Reached XP level 6. HP: 30/39 MP: 10/10
  3411 | D:4      | Learned a level 4 spell: Ice Form
  3487 | D:4      | Reached XP level 7. HP: 15/45 MP: 11/11
  4354 | D:4      | Mangled by an ogre

Levels and vault maps discovered:
D:1:      mrwooster_arrival_statue, layout_loops_ring
D:2:      layout_loops_corners, grunt_decor_mini_mirrors
D:3:      layout_loops_ring, fedhas_ov_isle_minmay
D:4:      layout_basic, first_ration, st_stairs_7, minmay_quantized

Skill      XL: |  1  2  3  4  5  6  7 |
---------------+----------------------+-----
Stealth        | 1 2 3 |  3.0
Poison Magic   | 1 2 3 |  3.2
Unarmed Combat | 4 |  4.7
Fighting       | 2 |  2.8
Spellcasting   | 3 |  3.3
Dodging        | 3 |  3.1
Transmutations | 3 |  3.1

Action                   |  1- 3 |  4- 6 |  7- 9 || total
-------------------------+-------+-------+-------++-------
Melee: Unarmed           |    68 |   111 |    36 ||   215
       Constrict         |    19 |    20 |       ||    39
       Kick              |    12 |    16 |       ||    28
       Tentacles         |     5 |    17 |       ||    22
       Punch             |     1 |     4 |       ||     5
 Cast: Beastly Appendage |    10 |    26 |     1 ||    37
       Spider Form       |       |     4 |     6 ||    10
       Sticks to Snakes  |       |       |     1 ||     1
  Use: Scroll            |     3 |     7 |       ||    10
       Potion            |       |     1 |       ||     1
 Stab: Sleeping          |     3 |     9 |     1 ||    13
       Distracted        |     1 |       |       ||     1
  Eat: Chunk             |     1 |     8 |     3 ||    12
Armor: Skin              |     8 |     5 |       ||    13
Dodge: Dodged            |    38 |    76 |    14 ||   128

Table legend:
 A = Non-vault XP
 B = Vault XP
 C = Vault XP percentage of total XP
 D = Non-vault monster count
 E = Vault monster count
 F = Vault count percentage of total count
                 A         B        C        D         E       F
            +---------+---------+-------+---------+---------+-------
      Total |     736 |      75 |   9.2 |      84 |       4 |   4.5
            +---------+---------+-------+---------+---------+-------
        D:1 |      50 |       0 |   0.0 |      26 |       0 |   0.0
        D:2 |     183 |       0 |   0.0 |      27 |       0 |   0.0
        D:3 |      56 |       0 |   0.0 |      10 |       0 |   0.0
        D:4 |     447 |      75 |  14.4 |      21 |       4 |  16.0
            +---------+---------+-------+---------+---------+-------
